[Event "Titled Tuesday Blitz March 01 Late 2022"]
[White "Khabinets, Ivan"]
[Black "Iskusnyh, Sergei"]
[WhiteFideId "14115980"]
[BlackFideId "4120027"]
[WhiteElo "2523"]
[BlackElo "2651"]
[Result "0-1"]
[Round "09"]
[TimeControl "180+1"]
[Date "2022.03.02"]
[WhiteClock "0:00:02"]
[BlackClock "0:00:17"]

1. Nf3 d5 2. c4 c6 3. g3 Nf6 4. d4 Bf5 5. Nc3 e6 6. Nh4 dxc4 7. Nxf5 exf5 8. e3 Bd6 9. Bxc4 Nbd7 10. O-O O-O 11. Qd3 Nb6 12. Bb3 Qd7 13. Rd1 h5 14. h4 Rfe8 15. Bd2 Rad8 16. Rac1 g6 17. Be1 Bb8 18. a4 a6 19. a5 Nbd5 20. Nxd5 Nxd5 21. Rc5 Bd6 22. Rc4 Re4 23. Bc2 Rde8 24. Bd2 Qe7 25. Qb3 Rg4 26. Be1 Bxg3 27. fxg3 Nxe3 28. Bf2 Qxh4 29. Rd2 Rxg3+ 30. Bxg3 Qxg3+ 31. Kh1 Qf3+ 32. Kg1 Qf1+ 33. Kh2 Nxc4 34. Rg2 Ne3 35. Rxg6+ Kh8 36. Qxf7 Ng4+ 37. Kg3 Qf2+ 38. Kh3 Qh2# 0-1


[Site "https://www.chess.com"]

[Event "Titled Tuesday Blitz March 01 Late 2022"]
[White "Kim, Sergey"]
[Black "Mikhalsky, Vladimir"]
[WhiteFideId "13700570"]
[BlackFideId "14144352"]
[WhiteElo "2583"]
[BlackElo "2248"]
[Result "1-0"]
[Round "09"]
[TimeControl "180+1"]
[Date "2022.03.02"]
[WhiteClock "0:00:23"]
[BlackClock "0:00:35"]

1. d4 Nf6 2. c4 g6 3. Nc3 Bg7 4. e4 O-O 5. Nge2 d6 6. Ng3 e5 7. d5 h5 8. Be2 h4 9. Nf1 h3 10. g4 Na6 11. Ng3 Nc5 12. b4 Ncd7 13. Bg5 a5 14. a3 Nb6 15. O-O Qe8 16. f3 Nh7 17. Be3 f5 18. gxf5 gxf5 19. exf5 Bxf5 20. Nxf5 Rxf5 21. Kh1 Kh8 22. c5 Nd7 23. cxd6 cxd6 24. Ne4 Qe7 25. Rg1 Ndf6 26. Ng3 Rh5 27. Nxh5 Nxh5 28. Rc1 axb4 29. axb4 Nf4 30. Bd3 Ng2 31. Bd2 Ng5 32. f4 exf4 33. Qh5+ Kg8 34. Rce1 Qf6 35. Re8+ Rxe8 36. Qxe8+ Bf8 37. Qh5 Be7 38. Rc1 Qf7 39. Rc8+ Kg7 40. Bc3+ Bf6 41. Qh8# 1-0


[Site "https://www.chess.com"]

[Event "Titled Tuesday Blitz March 01 Late 2022"]
[White "Kollars, Dmitrij"]
[Black "Dubov, Daniil"]
[WhiteFideId "12909572"]
[BlackFideId "24126055"]
[WhiteElo "2584"]
[BlackElo "2791"]
[Result "0-1"]
[Round "09"]
[TimeControl "180+1"]
[Date "2022.03.01"]
[WhiteClock "0:00:01"]
[BlackClock "0:00:03"]

1. e4 e5 2. Nf3 Nc6 3. Nc3 Nf6 4. Bb5 Bc5 5. O-O O-O 6. Nxe5 Nxe5 7. d4 Bd6 8. f4 Nc6 9. e5 Be7 10. d5 Bc5+ 11. Kh1 Nxd5 12. Qxd5 d6 13. Ne4 Nd4 14. exd6 Nxb5 15. Qxc5 Nxd6 16. Nxd6 cxd6 17. Qd5 Re8 18. Bd2 Bd7 19. Qxd6 Bc6 20. Qxd8 Raxd8 21. Rf2 f6 22. h3 h5 23. Kh2 Kf7 24. a4 Re4 25. a5 Rde8 26. Kg1 h4 27. Bc3 Kg6 28. f5+ Kh5 29. Raf1 Rc4 30. Rd1 Rc5 31. Rd4 Ree5 32. Rff4 Rxf5 33. Rxh4+ Kg6 34. Rhg4+ Kf7 35. Rd2 Rfd5 36. Rgd4 Rxd4 37. Rxd4 Rf5 38. Rd2 Rf4 39. Re2 Ra4 40. Rf2 Ra1+ 41. Kh2 Rc1 42. g4 Be4 43. g5 f5 44. Kg3 Kg6 45. h4 Rg1+ 46. Kf4 Rg4+ 47. Ke5 Rxh4 48. Bd4 a6 49. Be3 Rh3 50. Kd4 Rh1 51. Bf4 Rd1+ 52. Kc5 Rd5+ 53. Kb4 Rb5+ 0-1


[Site "https://www.chess.com"]

[Event "Titled Tuesday Blitz March 01 Late 2022"]
[White "Kopczynski, Michal"]
[Black "Yuan, Qingyu"]
[WhiteFideId "1124200"]
[BlackFideId "8609772"]
[WhiteElo "2235"]
[BlackElo "2359"]
[Result "1-0"]
[Round "09"]
[TimeControl "180+1"]
[Date "2022.03.01"]
[WhiteClock "0:01:06"]
[BlackClock "0:00:54"]

1. e4 c5 2. d4 cxd4 3. c3 dxc3 4. Nxc3 Nc6 5. f4 e6 6. Nf3 Bc5 7. Bd3 a6 8. Qe2 Nge7 9. Bd2 O-O 10. O-O-O b5 11. e5 Bb7 12. Bxh7+ Kh8 13. Be4 g6 14. h4 Kg7 15. h5 Nf5 16. hxg6 Ng3 17. Rh7+ Kg8 18. Qe1 Nxe4 19. Qh1 fxg6 20. Rh8+ Kf7 21. Qh7+ Ke8 22. Qxg6+ Ke7 23. Rh7+ 1-0


[Site "https://www.chess.com"]

[Event "Titled Tuesday Blitz March 01 Late 2022"]
[White "Ladan, Nicholas"]
[Black "Curtis, John"]
[WhiteFideId "30918855"]
[BlackFideId "3200256"]
[WhiteElo "2361"]
[BlackElo "2203"]
[Result "1-0"]
[Round "09"]
[TimeControl "180+1"]
[Date "2022.03.02"]
[WhiteClock "0:00:02"]
[BlackClock "0:00:02"]

1. d4 Nf6 2. Nc3 d5 3. Bf4 c6 4. e3 Bf5 5. Bd3 Bg6 6. Nf3 Nbd7 7. O-O e6 8. Re1 Bb4 9. a3 Be7 10. e4 dxe4 11. Nxe4 Nxe4 12. Bxe4 Bxe4 13. Rxe4 O-O 14. Re1 Re8 15. Qd3 Qb6 16. Nd2 a6 17. Nc4 Qb5 18. a4 Qh5 19. Bd6 b5 20. Bxe7 bxc4 21. Qa3 Qf5 22. Qd6 Qd5 23. Rad1 Qxd6 24. Bxd6 Ra7 25. Re3 Rb7 26. Ba3 Nb6 27. a5 Nd5 28. Re2 Rb5 29. c3 Rxa5 30. Bc5 Rb8 31. g3 Ra2 32. Rdd2 a5 33. f4 g6 34. Kg2 a4 35. h4 h5 36. Kf3 Rb3 37. g4 a3 38. Bxa3 Nxc3 39. bxc3 Rxd2 40. Rxd2 Rxc3+ 41. Ke4 Rxa3 42. gxh5 gxh5 43. Ke5 Kf8 44. f5 Ke7 45. f6+ Kd7 46. Rg2 Rf3 47. Rg7 Rf5+ 48. Ke4 1-0


[Site "https://www.chess.com"]

[Event "Titled Tuesday Blitz March 01 Late 2022"]
[White "Landaw, Julian"]
[Black "Przybylski, Wojciech"]
[WhiteFideId "2023342"]
[BlackFideId "1117599"]
[WhiteElo "2312"]
[BlackElo "2133"]
[Result "1-0"]
[Round "09"]
[TimeControl "180+1"]
[Date "2022.03.02"]
[WhiteClock "0:00:03"]
[BlackClock "0:00:01"]

1. e4 e5 2. Nf3 Nc6 3. Bb5 Nf6 4. d3 Bc5 5. O-O O-O 6. c3 Qe7 7. d4 exd4 8. cxd4 Bb6 9. e5 Nd5 10. Bc4 Ndb4 11. a3 Na6 12. b4 d6 13. Bg5 Qd7 14. Nc3 dxe5 15. dxe5 Qg4 16. Qb3 Nd4 17. Nxd4 Bxd4 18. Be7 Bxc3 19. Qxc3 Re8 20. Rad1 Be6 21. Rd4 Qf5 22. Bxe6 Qxe6 23. Bh4 Qxe5 24. Bg3 Qf6 25. Qd2 Rad8 26. Rxd8 Rxd8 27. Qe3 b6 28. Re1 h6 29. Qe2 Nb8 30. Bxc7 Rc8 31. Bxb8 Rxb8 32. Qe7 Qc3 33. g3 a5 34. bxa5 bxa5 35. Re3 Qc1+ 36. Kg2 a4 37. Rf3 Qc4 38. h4 Qd5 39. Qe3 Rd8 40. Kh2 Kh7 41. Qf4 f6 42. Re3 Qd6 43. Qxa4 Qc5 44. Qe4+ 1-0


[Site "https://www.chess.com"]

[Event "Titled Tuesday Blitz March 01 Late 2022"]
[White "Leenhouts, Koen"]
[Black "Steenbekkers, Franck"]
[WhiteFideId "1008439"]
[BlackFideId "1004220"]
[WhiteElo "2409"]
[BlackElo "2195"]
[Result "1-0"]
[Round "09"]
[TimeControl "180+1"]
[Date "2022.03.02"]
[WhiteClock "0:01:01"]
[BlackClock "0:00:37"]

1. e4 c5 2. Nf3 Nc6 3. Bb5 g6 4. O-O Bg7 5. Re1 Nf6 6. c3 O-O 7. d4 d5 8. e5 Ne4 9. Be3 Qb6 10. Bxc6 bxc6 11. Qc1 Rb8 12. b3 Bg4 13. dxc5 Qc7 14. Bd4 Bxf3 15. gxf3 Bxe5 16. fxe4 Bxh2+ 17. Kf1 dxe4 18. Rxe4 e5 19. Be3 f5 20. Rh4 e4 21. Bf4 Bxf4 22. Qxf4 Qg7 23. Qh6 g5 24. Qxg7+ Kxg7 25. Rh1 Rbd8 26. Ke2 Rd5 27. c4 Rxc5 28. Nc3 Re5 29. Rad1 Rf7 30. Rd6 f4 31. Rxc6 e3 32. f3 g4 33. Ne4 g3 34. Rh4 Rxe4 35. Rg4+ Kf8 36. fxe4 f3+ 37. Kxe3 f2 38. Rc8+ Ke7 39. Rc7+ Ke6 40. Rxf7 1-0


[Site "https://www.chess.com"]

[Event "Titled Tuesday Blitz March 01 Late 2022"]
[White "Li, Ben"]
[Black "Golubev, Mikhail"]
[WhiteFideId "2089980"]
[BlackFideId "14100983"]
[WhiteElo "2267"]
[BlackElo "2374"]
[Result "1-0"]
[Round "09"]
[TimeControl "180+1"]
[Date "2022.03.01"]
[WhiteClock "0:00:57"]
[BlackClock "0:00:01"]

1. d4 Nf6 2. c4 g6 3. Nc3 Bg7 4. e4 d6 5. Nf3 O-O 6. h3 Na6 7. Bg5 Qe8 8. Be2 e5 9. d5 Nc5 10. Nd2 a5 11. g4 c6 12. Be3 cxd5 13. cxd5 Bd7 14. a4 Qe7 15. g5 Nh5 16. Bxc5 dxc5 17. Bxh5 gxh5 18. Qxh5 f5 19. exf5 Bxf5 20. Nde4 c4 21. Qe2 Qb4 22. O-O h6 23. h4 hxg5 24. hxg5 Bg6 25. Kg2 Rf4 26. Rh1 Raf8 27. Rh3 Bf5 28. Rg3 Bg6 29. Rh1 Qb6 30. f3 R8f7 31. d6 Qd8 32. Rd1 Bf5 33. Nd5 Bxe4 34. fxe4 Rf2+ 35. Qxf2 Rxf2+ 36. Kxf2 Bf8 37. d7 Bc5+ 38. Kg2 1-0


[Site "https://www.chess.com"]

[Event "Titled Tuesday Blitz March 01 Late 2022"]
[White "Lopez Perdomo, Juan David"]
[Black "Krishnan, Varun"]
[WhiteFideId "4405137"]
[BlackFideId "5054508"]
[WhiteElo "2197"]
[BlackElo "2625"]
[Result "1-0"]
[Round "09"]
[TimeControl "180+1"]
[Date "2022.03.02"]
[WhiteClock "0:00:12"]
[BlackClock "0:00:16"]

1. e4 c5 2. d4 cxd4 3. c3 d5 4. exd5 Qxd5 5. Nf3 Nf6 6. cxd4 e6 7. Be2 Be7 8. Nc3 Qd6 9. Bg5 O-O 10. O-O Nc6 11. Bh4 b6 12. Bg3 Qd8 13. Ne5 Bb7 14. Bf3 Nd5 15. Nxd5 exd5 16. Qd3 Nxe5 17. dxe5 Qd7 18. Rfd1 Rfd8 19. Bf4 d4 20. Rac1 Bxf3 21. Qxf3 Qf5 22. Rxd4 g5 23. g4 Qe6 24. Bg3 Qxa2 25. Rxd8+ Rxd8 26. Rc7 Qe6 27. Qf5 Qxf5 28. gxf5 Bc5 29. Rxa7 h5 30. h4 gxh4 31. Bxh4 Rd4 32. Bg3 h4 33. Bh2 Rd2 34. e6 fxe6 35. fxe6 Rxf2 36. Kh1 h3 37. Be5 Re2 38. Ra8+ Kh7 39. Rh8+ Kg6 40. Bc3 Rxe6 41. Rxh3 Kf5 42. Rh5+ Ke4 43. Kg2 Kd3 44. Kf3 Re2 45. Rd5+ Kc4 46. Rxc5+ Kxc5 47. Kxe2 b5 48. Kd2 b4 49. Bh8 Kc4 50. Kc2 Kb5 51. Kb3 Ka5 52. Bg7 Kb5 53. Bf8 Ka5 54. Bxb4+ Kb5 55. Bd2 Kc6 56. Kc4 Kb6 57. b4 Kc6 58. Be3 Kb7 59. Kb5 Kc7 60. Ka6 Kb8 61. b5 Ka8 62. b6 Kb8 63. Bf4+ Kc8 64. b7+ Kd7 65. b8=Q Ke6 66. Qe5+ Kf7 67. Kb6 Kg6 68. Kc6 Kf7 69. Kd6 Kg6 70. Ke7 Kh7 71. Qh5+ Kg7 72. Be5+ Kg8 73. Qh8# 1-0


[Site "https://www.chess.com"]

[Event "Titled Tuesday Blitz March 01 Late 2022"]
[White "Maksimovic, Bojan"]
[Black "Goryachkina, Aleksandra"]
[WhiteFideId "14408120"]
[BlackFideId "4147103"]
[WhiteElo "2450"]
[BlackElo "2426"]
[Result "1-0"]
[Round "09"]
[TimeControl "180+1"]
[Date "2022.03.01"]
[WhiteClock "0:00:08"]
[BlackClock "0:00:02"]

1. Nf3 d5 2. e3 Nf6 3. c4 c6 4. b3 Bf5 5. Bb2 e6 6. Be2 Nbd7 7. Nh4 Bg6 8. Nc3 Bd6 9. d4 Qe7 10. g3 Rd8 11. O-O O-O 12. Nxg6 hxg6 13. a3 dxc4 14. bxc4 e5 15. d5 cxd5 16. cxd5 Nc5 17. Qc2 e4 18. a4 b6 19. Rfd1 Be5 20. a5 Rd6 21. axb6 axb6 22. Bc4 Rfd8 23. Nb5 R6d7 24. Bxe5 Qxe5 25. Nd4 Qh5 26. Nc6 Rc8 27. Be2 Qh3 28. Qc4 Ng4 29. Bxg4 Qxg4 30. Ne5 Qh3 31. Nxd7 Qxd7 32. Rab1 Na4 33. Qxe4 Nc3 34. Qd3 Nxb1 35. Rxb1 Rc5 36. e4 b5 37. d6 Rc6 38. e5 Rc5 39. Qd4 Rc4 40. Qd5 Rc2 41. Qxb5 Qf5 42. Qb8+ Kh7 43. Qb6 Rxf2 44. Qxf2 Qxb1+ 45. Kg2 Qe4+ 46. Kg1 Qd3 47. Qf4 Qd1+ 48. Kg2 Qc2+ 49. Kh3 Qc8+ 50. Qg4 Qc2 51. Qh4+ Kg8 52. Qd8+ Kh7 53. Qh4+ Kg8 54. Qd4 Qc8+ 55. Kg2 Qd7 56. Kf3 f6 57. Qd5+ Kh7 58. e6 Qa4 59. d7 Qa3+ 60. Ke2 Qa2+ 61. Qxa2 1-0


[Site "https://www.chess.com"]

[Event "Titled Tuesday Blitz March 01 Late 2022"]
[White "Maltsevskaya, Aleksandra"]
[Black "Cupid, Kevin"]
[WhiteFideId "24174041"]
[BlackFideId "7700512"]
[WhiteElo "2283"]
[BlackElo "2096"]
[Result "1-0"]
[Round "09"]
[TimeControl "180+1"]
[Date "2022.03.02"]
[WhiteClock "0:02:20"]
[BlackClock "0:01:34"]

1. Nf3 d5 2. g3 Nf6 3. d3 Bg4 4. Nbd2 e6 5. Bg2 c6 6. O-O Bd6 7. h3 Bh5 8. e4 Nbd7 9. Re1 dxe4 10. dxe4 Bxf3 11. Nxf3 Qc7 12. Qe2 e5 13. a4 O-O 14. Nd2 Bb4 15. c3 Be7 16. a5 Nc5 17. b4 Ne6 18. Nc4 b5 19. axb6 axb6 20. Be3 Rxa1 21. Rxa1 c5 22. b5 Qb7 23. Nxe5 Ra8 24. Rxa8+ Qxa8 25. Nc6 Bf8 26. e5 Qa1+ 27. Kh2 Nd7 28. Qd3 1-0


[Site "https://www.chess.com"]

[Event "Titled Tuesday Blitz March 01 Late 2022"]
[White "Martin Barcelo, Carles"]
[Black "Peatman, Carter"]
[WhiteFideId "24561444"]
[BlackFideId "2096480"]
[WhiteElo "1875"]
[BlackElo "2280"]
[Result "1-0"]
[Round "09"]
[TimeControl "180+1"]
[Date "2022.03.02"]
[WhiteClock "0:00:11"]
[BlackClock "0:00:09"]

1. e4 c5 2. Nf3 d6 3. d4 cxd4 4. Qxd4 Nc6 5. Bb5 Bd7 6. Qd3 Nf6 7. c4 e6 8. Nc3 Qc7 9. O-O a6 10. Bxc6 Bxc6 11. Nd4 Bd7 12. b3 Be7 13. Bb2 O-O 14. f4 Rfd8 15. Rad1 Rac8 16. Qg3 Nh5 17. Qf3 Nf6 18. Kh1 Qa5 19. a4 e5 20. Nc2 Bg4 21. Qg3 exf4 22. Qxf4 Bxd1 23. Rxd1 Qh5 24. Rf1 Qg4 25. Qf2 Rf8 26. Ne3 Qh5 27. Ncd5 Nxd5 28. Nxd5 Bh4 29. Qd4 Qg6 30. Rf4 Bd8 31. h3 f6 32. Rg4 Qf7 33. Qf2 Kh8 34. Qf5 Rc5 35. Qf2 Qe6 36. Qg3 Rg8 37. Rh4 Rxd5 38. cxd5 Qe7 39. Qg6 h6 40. Bc1 Qf8 41. Bxh6 gxh6 42. Rxh6+ 1-0


[Site "https://www.chess.com"]

[Event "Titled Tuesday Blitz March 01 Late 2022"]
[White "Martins, Carlos"]
[Black "Rudykh, Stepan"]
[WhiteFideId "2101688"]
[BlackFideId "4180321"]
[WhiteElo "2183"]
[BlackElo "2132"]
[Result "1-0"]
[Round "09"]
[TimeControl "180+1"]
[Date "2022.03.02"]
[WhiteClock "0:01:31"]
[BlackClock "0:00:43"]

1. e4 e6 2. d4 d5 3. Nc3 Bb4 4. e5 c5 5. Bd2 Ne7 6. a3 Bxc3 7. Bxc3 cxd4 8. Qxd4 Nbc6 9. Qg4 O-O 10. Nf3 Ng6 11. Bd3 Qc7 12. Bxg6 fxg6 13. O-O-O b5 14. h4 a5 15. h5 gxh5 16. Qxh5 g6 17. Qh6 b4 18. Bd2 bxa3 19. bxa3 Nxe5 20. Nxe5 1-0


[Site "https://www.chess.com"]

[Event "Titled Tuesday Blitz March 01 Late 2022"]
[White "Mekhitarian, Krikor Sevag"]
[Black "Dronavalli, Harika"]
[WhiteFideId "2107660"]
[BlackFideId "5015197"]
[WhiteElo "2598"]
[BlackElo "2382"]
[Result "1-0"]
[Round "09"]
[TimeControl "180+1"]
[Date "2022.03.01"]
[WhiteClock "0:00:42"]
[BlackClock "0:00:17"]

1. e4 c5 2. Nf3 e6 3. d4 cxd4 4. Nxd4 a6 5. Bd3 Bc5 6. Nb3 Ba7 7. Qg4 Nf6 8. Qg3 d6 9. Nc3 Nc6 10. O-O b5 11. Be3 Ne5 12. Bxa7 Rxa7 13. f4 Qb6+ 14. Kh1 Nxd3 15. cxd3 O-O 16. Rae1 Rc7 17. e5 Ne8 18. Ne4 Bb7 19. Nf6+ Nxf6 20. exf6 g6 21. Re2 Kh8 22. Qh4 Rcc8 23. d4 Rg8 24. Re3 Rc2 25. Qxh7+ Kxh7 26. Rh3# 1-0


[Site "https://www.chess.com"]

[Event "Titled Tuesday Blitz March 01 Late 2022"]
[White "Melkumyan, Hrant"]
[Black "Beerdsen, Thomas"]
[WhiteFideId "13302485"]
[BlackFideId "1030108"]
[WhiteElo "2604"]
[BlackElo "2585"]
[Result "0-1"]
[Round "09"]
[TimeControl "180+1"]
[Date "2022.03.01"]
[WhiteClock "0:00:06"]
[BlackClock "0:00:09"]

1. c4 e5 2. g3 d5 3. cxd5 Qxd5 4. Nf3 Nf6 5. Nc3 Qa5 6. Bg2 Nc6 7. O-O e4 8. Ne1 h5 9. d3 h4 10. Nxe4 hxg3 11. Nxf6+ gxf6 12. fxg3 Qh5 13. Nf3 Bc5+ 14. e3 Bg4 15. h4 O-O-O 16. d4 Bb6 17. Kh2 Ne7 18. a4 c6 19. Ra3 Bc7 20. e4 Ng6 21. e5 fxe5 22. Qe1 Rhe8 23. Bg5 exd4 24. Qf2 Rd5 25. Re1 Rh8 26. Bf6 Rg8 27. Kg1 Rf5 28. Bxd4 Nxh4 29. Nxh4 Rxf2 30. Bxf2 Kb8 31. a5 Bxa5 32. Re7 Be6 33. Kh2 Bb6 34. Be1 Bd8 35. Rxe6 fxe6 36. Re3 Bc7 37. Kg1 Bb6 38. Bf2 Bxe3 39. Bxe3 Ka8 40. Kf2 Qe5 41. Bf4 Qxb2+ 42. Kg1 a5 43. Nf3 a4 0-1


[Site "https://www.chess.com"]

[Event "Titled Tuesday Blitz March 01 Late 2022"]
[White "Mirzoev, Azer"]
[Black "Romanchuk, Viktor"]
[WhiteFideId "13400304"]
[BlackFideId "14109271"]
[WhiteElo "2688"]
[BlackElo "2528"]
[Result "0-1"]
[Round "09"]
[TimeControl "180+1"]
[Date "2022.03.02"]
[WhiteClock "0:00:05"]
[BlackClock "0:00:24"]

1. c4 c6 2. e4 d5 3. exd5 cxd5 4. cxd5 Qxd5 5. Nc3 Qd8 6. d4 Nf6 7. Nf3 e6 8. Bd3 Be7 9. O-O O-O 10. Re1 Nbd7 11. Bg5 Nb6 12. Ne5 Bd7 13. Qf3 Nfd5 14. Qh3 g6 15. Bh6 Re8 16. Rad1 Bf8 17. Ne4 f6 18. Bxf8 fxe5 19. Bc5 exd4 20. Bxd4 e5 21. Qh6 exd4 22. Ng5 Re7 23. Be4 Qf8 24. Qh4 Bc6 25. Rxd4 Nf6 26. f3 Nxe4 27. Nxe4 Kh8 28. h3 Rae8 29. Kh1 Bxe4 30. fxe4 Qg7 31. e5 Rxe5 32. Rxe5 Qxe5 33. Rg4 Qe1+ 34. Qxe1 Rxe1+ 35. Kh2 Re2 36. Rb4 Kg7 37. a4 Re7 38. a5 Nd5 39. Rb5 Rd7 40. b3 Kf6 41. Rc5 Ke6 42. a6 b6 43. Rc6+ Ke5 44. Rc8 Nb4 45. Re8+ Kd6 46. g4 Nxa6 47. Kg3 Nc5 48. Kf4 Nxb3 49. Kg5 a5 50. Kh6 a4 51. Re3 Kc6 52. Rc3+ Kb5 53. Rc8 a3 54. Ra8 Na5 0-1


[Site "https://www.chess.com"]

[Event "Titled Tuesday Blitz March 01 Late 2022"]
[White "Mogranzini, Roberto"]
[Black "Fishbein, Alexander"]
[WhiteFideId "810894"]
[BlackFideId "2000377"]
[WhiteElo "2469"]
[BlackElo "2442"]
[Result "1-0"]
[Round "09"]
[TimeControl "180+1"]
[Date "2022.03.01"]
[WhiteClock "0:00:23"]
[BlackClock "0:00:07"]

1. e4 c5 2. Nf3 d6 3. Nc3 Nf6 4. e5 dxe5 5. Nxe5 Nbd7 6. Nc4 Nb6 7. b3 e6 8. g3 Be7 9. Bg2 O-O 10. O-O Nbd5 11. Bb2 Bd7 12. Ne5 Be8 13. a4 Rc8 14. d3 b6 15. Re1 Nxc3 16. Bxc3 Nd5 17. Bb2 Bf6 18. Rb1 Nb4 19. Qe2 Qc7 20. h4 h6 21. h5 Bxe5 22. Bxe5 Qe7 23. f4 Bc6 24. Kh2 Bxg2 25. Qxg2 Rfd8 26. Re4 Nd5 27. Rbe1 Nf6 28. Bxf6 Qxf6 29. Re5 Rc7 30. Qf3 Rcd7 31. R1e4 Kh7 32. Kh3 Rd4 33. g4 Qe7 34. g5 Rxe4 35. Qxe4+ Kh8 36. g6 fxg6 37. Rxe6 Qd7 38. hxg6 Rf8 39. f5 Qd8 40. Re7 Qc8 41. Qe6 Qb8 42. Qe5 Qxe5 43. Rxe5 Kg8 44. Kg4 Rd8 45. Re7 Kf8 46. Rf7+ Kg8 47. Rxa7 Rd4+ 48. Kg3 Kf8 49. Rf7+ Kg8 50. Rb7 Kf8 51. Rxb6 Ke7 52. Re6+ Kd7 53. Rb6 h5 54. Rb7+ Kc6 55. Rxg7 Rg4+ 56. Kh3 Rg1 57. Rf7 Rh1+ 58. Kg2 Rc1 59. g7 Rxc2+ 60. Kg3 Rc1 61. f6 Rg1+ 62. Kh2 1-0


[Site "https://www.chess.com"]

[Event "Titled Tuesday Blitz March 01 Late 2022"]
[White "Moral Garcia, Serafin"]
[Black "Riehle, Marco"]
[WhiteFideId "2201925"]
[BlackFideId "12904392"]
[WhiteElo "2228"]
[BlackElo "2462"]
[Result "1-0"]
[Round "09"]
[TimeControl "180+1"]
[Date "2022.03.02"]
[WhiteClock "0:01:55"]
[BlackClock "0:02:07"]

1. c4 e6 2. g3 d5 3. Bg2 Nf6 4. Nc3 d4 5. Ne4 Nxe4 6. Bxe4 f5 7. Bg2 c5 8. d3 Nc6 9. e3 e5 10. exd4 cxd4 11. Nf3 Bb4+ 12. Nd2 O-O 13. O-O Be6 14. a3 Bxd2 15. Bxd2 Bf7 16. b4 Qe7 17. b5 Nd8 18. Bb4 Qe6 19. Bxf8 Kxf8 20. Qe2 Bg6 21. Bd5 Qd6 22. Rae1 f4 23. Qxe5 Qxe5 24. Rxe5 Bxd3 25. Rd1 Bg6 26. Rxd4 Nf7 27. Rxf4 Rd8 28. Bxf7 Bxf7 29. Ref5 Rd7 30. Kg2 Ke8 31. Rxf7 Rxf7 32. Rxf7 Kxf7 33. Kf3 Ke6 34. Ke4 Kd6 35. Kd4 b6 36. f4 h6 37. g4 g6 38. f5 g5 39. Ke4 Ke7 40. Ke5 a5 41. bxa6 1-0


[Site "https://www.chess.com"]

[Event "Titled Tuesday Blitz March 01 Late 2022"]
[White "Nakamura, Hikaru"]
[Black "Gutenev, Alexander"]
[WhiteFideId "2016192"]
[BlackFideId "4195540"]
[WhiteElo "2850"]
[BlackElo "2403"]
[Result "1-0"]
[Round "09"]
[TimeControl "180+1"]
[Date "2022.03.01"]
[WhiteClock "0:00:34"]
[BlackClock "0:00:01"]

1. Nf3 Nf6 2. b3 b6 3. Bb2 Bb7 4. e3 g6 5. d4 Bg7 6. Be2 O-O 7. O-O d6 8. c4 e6 9. Qc2 Be4 10. Qc1 Bb7 11. Nc3 Ne4 12. Qc2 Nxc3 13. Bxc3 Nd7 14. b4 Qe7 15. Rad1 e5 16. Rfe1 Rfe8 17. Qb2 Rad8 18. a4 Ba8 19. a5 bxa5 20. b5 a4 21. Qa3 Nb6 22. dxe5 Bxf3 23. Bxf3 Bxe5 24. Bb4 Qh4 25. g3 Qxc4 26. Rc1 Qxb5 27. Bc6 Qa6 28. Bxe8 Rxe8 29. Rxc7 Nd5 30. Rc2 Rb8 31. Bd2 Rb3 32. Qa2 Kg7 33. e4 Nb6 34. Be3 Qb5 35. Rc7 Nc4 36. Rc1 Nxe3 37. fxe3 Qd3 38. Qf2 Qxe3 39. Rxf7+ Kh6 40. Qxe3+ Rxe3 41. Kg2 a3 42. Rxa7 Re2+ 43. Kf3 Rxh2 44. Rxa3 Kg5 45. Ra5 h5 46. Rd1 Kf6 47. Rf1 g5 48. Ke3+ Ke6 49. Rf5 g4 50. Ra8 Bxg3 51. Re8+ Kd7 52. Rh8 h4 53. Rf7+ Ke6 54. Rg7 Bf2+ 55. Kf4 Bd4 56. Rh6+ Bf6 57. Rxg4 Rf2+ 58. Ke3 Rf1 59. Ke2 Ra1 60. Rf4 Ra2+ 61. Kd1 Ra1+ 62. Kc2 Ke5 63. Rf5+ 1-0


[Site "https://www.chess.com"]

[Event "Titled Tuesday Blitz March 01 Late 2022"]
[White "Osmonbekov, Talaibek"]
[Black "Janaszak, Dawid"]
[WhiteFideId "2017253"]
[BlackFideId "1119206"]
[WhiteElo "2135"]
[BlackElo "2199"]
[Result "0-1"]
[Round "09"]
[TimeControl "180+1"]
[Date "2022.03.02"]
[WhiteClock "0:00:01"]
[BlackClock "0:00:04"]

1. d4 e6 2. e4 d5 3. e5 Bd7 4. c3 a6 5. Nf3 c5 6. Bd3 Bb5 7. O-O Bxd3 8. Qxd3 Nc6 9. Be3 cxd4 10. cxd4 Nge7 11. Nc3 Nf5 12. Rfc1 Be7 13. Na4 O-O 14. Nc5 Ra7 15. a3 a5 16. Qb5 Bxc5 17. Rxc5 f6 18. exf6 Qxf6 19. Qb6 Qe7 20. Ne5 Nxe3 21. fxe3 Ra6 22. Nxc6 Qf6 23. Qb5 Qf2+ 24. Kh1 Rb6 25. Ne7+ Kh8 26. Qd3 Rxb2 27. Rg1 Rd2 28. Qb3 a4 29. Qxa4 Qxe3 30. Rcc1 Rxd4 31. Qd7 Rh4 32. Ng6+ hxg6 33. Qe7 Rxh2+ 34. Kxh2 Qh6+ 35. Kg3 Qf4+ 36. Kh3 Rf5 37. g4 Qe3+ 38. Rg3 Qxc1 39. gxf5 Qh1+ 40. Kg4 gxf5+ 41. Kg5 Kh7 42. Kf4 Qc1+ 43. Kf3 Qf1+ 44. Ke3 f4+ 45. Kd2 Qf2+ 46. Kc1 fxg3 0-1


[Site "https://www.chess.com"]

[Event "Titled Tuesday Blitz March 01 Late 2022"]
[White "Pace, Christopher"]
[Black "Dias, Joao Batista"]
[WhiteFideId "2610167"]
[BlackFideId "2108240"]
[WhiteElo "2214"]
[BlackElo "1898"]
[Result "1-0"]
[Round "09"]
[TimeControl "180+1"]
[Date "2022.03.02"]
[WhiteClock "0:00:49"]
[BlackClock "0:00:02"]

1. d4 d5 2. c4 e6 3. Nc3 Nf6 4. Nf3 Bd6 5. Bg5 Be7 6. Bxf6 gxf6 7. cxd5 exd5 8. g3 c6 9. Bg2 Be6 10. O-O h5 11. h4 Nd7 12. Nd2 Qb6 13. e4 Qxb2 14. exd5 Qxc3 15. dxe6 fxe6 16. Ne4 Qa3 17. Bh3 f5 18. Nd2 O-O-O 19. Qe2 Qd6 20. Nc4 Qd5 21. Bg2 Qxd4 22. Qxe6 Rhe8 23. Rad1 Qf6 24. Qe2 Kb8 25. Rb1 f4 26. Na5 Nb6 27. Qxh5 Rh8 28. Qe2 Bc5 29. Nb3 fxg3 30. Nxc5 Qxh4 31. fxg3 Qxg3 32. Rb3 Qh2+ 33. Kf2 Rhf8+ 34. Ke1 Rfe8 35. Ne6 Qh4+ 36. Rf2 1-0


[Site "https://www.chess.com"]

[Event "Titled Tuesday Blitz March 01 Late 2022"]
[White "Paravyan, David"]
[Black "Abdrlauf, Elham"]
[WhiteFideId "4194985"]
[BlackFideId "1533533"]
[WhiteElo "2569"]
[BlackElo "2334"]
[Result "1-0"]
[Round "09"]
[TimeControl "180+1"]
[Date "2022.03.01"]
[WhiteClock "0:00:10"]
[BlackClock "0:00:43"]

1. e4 c6 2. d4 d5 3. e5 c5 4. Nf3 cxd4 5. Nxd4 Nc6 6. Nxc6 bxc6 7. Bd3 e6 8. O-O Ne7 9. Nd2 Ng6 10. Nf3 Be7 11. c4 O-O 12. Re1 Ba6 13. Qa4 Bxc4 14. Bxc4 dxc4 15. Qxc4 Qd5 16. Qc2 Qc5 17. Qxc5 Bxc5 18. Bd2 Rab8 19. Rac1 Bb4 20. Bxb4 Rxb4 21. b3 Rc8 22. g3 Ne7 23. Rc5 Rb5 24. Rec1 Rxc5 25. Rxc5 Rd8 26. Ra5 Rd7 27. Ng5 h6 28. Ne4 Nf5 29. Ra6 Rd4 30. Nc5 Rd5 31. Rxc6 Rxe5 32. Nd7 Re1+ 33. Kg2 g5 34. Ra6 h5 35. Rxa7 g4 36. Nf6+ Kf8 37. Nxh5 Re2 38. Kf1 Rb2 39. Nf6 Nh6 40. Ra4 Rb1+ 41. Kg2 Rb2 42. Nxg4 Nf5 43. h4 Nd6 44. h5 Kg7 45. Rd4 Nf5 46. Ra4 Nd6 47. Ra7 Ne4 48. h6+ Kg6 49. h7 Kxh7 50. Rxf7+ Kg6 51. Ne5+ Kg5 52. Rf4 Nf6 53. Nf3+ Kg6 54. Ne5+ Kg7 55. Ra4 Nd5 56. Nc4 Rc2 57. Ra7+ Kf6 58. a4 Rc3 59. Rb7 Rc1 60. a5 Ra1 61. b4 Ra4 62. Nb6 Ra2 63. Nxd5+ exd5 64. Rd7 Ke6 65. Rd8 Ra4 66. Rb8 d4 67. Kf3 Kd5 68. Rd8+ Kc4 69. Ke4 Ra2 70. Rxd4+ Kb5 71. f4 Re2+ 72. Kf3 Re8 73. Kg4 Rf8 74. f5 Rd8 75. Rxd8 1-0


[Site "https://www.chess.com"]